Map: 16-Bit LE

Players

erikmaster - Winner!

  • Race: Protoss Protoss
  • League: Diamond
  • Spawn Location: 7:00

ScaryMouse

  • Race: Terran Terran
  • League: Diamond
  • Spawn Location: 1:00

VOD

Have the link to the VOD?

Description

Time

  • Played on: May 31, 2018, 8:23 a.m.
  • Length: 12:36
Show
View Real Time Build Order
Export as new Build Order

erikmaster Protoss - Winner!

Build Orders: 1 Gate Expand, Oracle Opening 

Get SALT Encoding   

  1  0:00  Probe  
  13  0:07  Probe  
  14  0:19  Probe, Pylon  
  15  0:37  Probe  
  15  0:38  Gateway  
  16  0:44  Assimilator  
  16  0:49  Probe  
  17  0:57  Probe  
  18  1:05  Probe  
  19  1:15  Probe  
  20  1:27  Nexus  
  20  1:38  Cybernetics Core  
  20  1:42  Probe  
  21  1:50  Assimilator  
  21  1:54  Probe  
  21  1:56  Pylon  
  22  2:04  Stalker  
  22  2:06  Probe  
  25  2:18  Probe, Warp Gate  
  26  2:30  Probe  
  27  2:40  Probe, Stargate  
  27  2:43  Probe  
  29  2:47  Stalker  
  29  2:48  Probe  
  31  2:55  Probe  
  31  2:56  Probe  
  34  3:07  Probe x2  
  35  3:13  Oracle  
  35  3:17  Gateway  
  35  3:19  Probe x2  
  40  3:30  Probe  
  40  3:31  Probe  
  42  3:36  Gateway  
  42  3:38  Probe  
  42  3:43  Probe, Pylon  
  42  3:46  Probe  
  42  3:47  Pylon  
  44  3:55  Oracle  
  45  3:56  Probe  
  49  4:10  Nexus  
  49  4:13  Assimilator  
  49  4:17  Assimilator  
  49  4:28  Oracle  
  49  4:29  Probe x2  
  48  4:33  Pylon  
  48  4:34  Adept x2  
  55  4:41  Probe x2  
  57  4:49  Adept  
  57  4:50  Probe  
  59  4:53  Probe  
  59  4:58  Probe  
  61  5:03  Shield Battery  
  61  5:05  Probe  
  61  5:06  Shield Battery  
  63  5:08  Robotics Facility  
  63  5:25  Probe  
  63  5:26  Probe x2  
  66  5:33  Pylon  
  66  5:36  Twilight Council  
  66  5:37  Forge  
  66  5:38  Probe x3  
  66  5:40  Gateway  
  66  5:42  Pylon  
  69  5:43  Phoenix  
  69  5:47  Sentry, Probe  
  69  5:48  Sentry, Probe  
  69  5:49  Pylon  
  75  5:50  Probe  
  78  5:59  Probe x2  
  78  6:02  Probe  
  73  6:10  Probe  
  73  6:11  Probe  
  73  6:14  Probe  
  73  6:15  Adept x2  
  80  6:18  Pylon  
  80  6:22  Probe  
  80  6:23  Probe  
  82  6:26  Probe, Resonating Glaives  
  82  6:32  Protoss Ground Weapons Level 1  
  83  6:34  Probe  
  83  6:35  Probe  
  83  6:38  Probe  
  86  6:44  Adept x3  
  92  6:50  Probe  
  92  6:51  Pylon  
  92  6:54  Shield Battery  
  93  6:55  Shield Battery  
  93  7:02  Robotics Bay  
  93  7:03  Pylon  
  93  7:06  Probe x2, Gateway  
  93  7:08  Gateway  
  95  7:09  Pylon  
  95  7:14  Immortal, Photon Cannon  
  95  7:17  Adept x3  
  95  7:18  Photon Cannon  
  105  7:35  Assimilator  
  105  7:37  Assimilator  
  105  7:38  Adept x3  
  105  7:39  Adept  
  113  7:46  Observer  
  113  7:49  Pylon  
  113  7:51  Gateway  
  113  7:57  Colossus  
  114  8:07  Protoss Ground Weapons Level 2  
  114  8:08  Adept x2  
  114  8:09  Adept x2  
  114  8:11  Extended Thermal Lance  
  128  8:17  Pylon  
  128  8:21  Pylon  
  128  8:23  Gateway  
  128  8:25  Gateway  
  125  8:27  Gateway  
  118  8:38  Adept  
  118  8:39  Adept x3  
  124  8:45  Oracle  
  124  8:48  Colossus  
  127  8:54  Photon Cannon, Blink  
  133  9:03  Nexus  
  133  9:06  Pylon  
  133  9:14  Forge  
  133  9:19  Pylon  
  133  9:22  Stalker x3  
  133  9:23  Stalker  
  141  9:30  Pylon  
  141  9:34  Pylon  
  141  9:35  Colossus  
  141  9:42  Pylon  
  147  9:47  Protoss Ground Armor Level 1  
  147  9:50  Stalker x2  
  150  10:10  Probe x2  
  152  10:22  Colossus  
  152  10:24  Templar Archives  
  158  10:37  Photon Cannon  
  158  10:38  Assimilator  
  158  10:40  Adept  
  158  10:41  Adept  
  162  10:43  Assimilator  
  162  10:45  Photon Cannon  
  162  10:47  Photon Cannon  
  162  10:48  Photon Cannon  
  162  10:51  Charge, Adept  
  162  10:53  Photon Cannon  
  162  10:54  Sentry x2, Shield Battery  
  162  10:55  Sentry  
  170  11:05  Colossus  
  170  11:16  Phoenix  
  176  11:24  Fleet Beacon  
  178  11:39  Phoenix  
  174  11:43  Stalker x4  
  174  11:44  Stalker  
  186  11:51  Pylon  
  186  11:53  Nexus  
  184  11:56  Observer  
  176  12:09  Zealot x10  
  188  12:23  Probe x2  
  188  12:24  Probe  
  188  12:27  Photon Cannon  
  188  12:29  Photon Cannon  
  182  12:31  Pylon  
Show
View Real Time Build Order
Export as new Build Order

ScaryMouse Terran 

Build Orders: Reaper Expand, MMM Bio 

Get SALT Encoding   

  12  0:01  SCV  
  13  0:13  SCV  
  14  0:18  Supply Depot  
  14  0:25  SCV  
  15  0:39  SCV  
  15  0:42  Barracks  
  16  0:46  Refinery  
  16  0:51  SCV  
  17  1:04  SCV  
  18  1:16  SCV  
  19  1:30  Reaper  
  19  1:32  Orbital Command  
  20  1:58  SCV  
  20  1:59  Command Center  
  21  2:09  Marine  
  22  2:17  SCV  
  22  2:19  Refinery  
  23  2:26  Supply Depot  
  23  2:30  Barracks Reactor  
  23  2:36  Factory  
  23  2:47  SCV  
  24  2:59  SCV  
  25  3:07  Marine x2  
  27  3:13  Orbital Command  
  27  3:15  SCV  
  28  3:24  Starport  
  28  3:25  Widow Mine  
  30  3:30  SCV  
  30  3:31  Orbital Command  
  31  3:42  Marine x2  
  31  3:47  Widow Mine  
  35  3:51  Barracks  
  35  3:52  Barracks  
  35  3:54  SCV  
  36  3:57  SCV  
  36  4:00  Marine x2  
  36  4:02  Medivac  
  41  4:06  SCV  
  43  4:10  Supply Depot, SCV  
  43  4:14  Widow Mine  
  45  4:18  SCV  
  45  4:23  SCV  
  45  4:35  Engineering Bay  
  45  4:43  SCV x2  
  47  4:46  Barracks Tech Lab x2  
  47  4:47  Supply Depot  
  47  4:48  Barracks Reactor  
  47  4:49  Marine x2  
  47  4:50  Factory Reactor  
  47  4:51  Starport Reactor  
  49  4:55  SCV x2  
  51  5:07  Missile Turret  
  51  5:11  Missile Turret  
  51  5:12  Stimpack  
  51  5:13  Marine x2, Marauder  
  55  5:25  Marine x2  
  55  5:28  Medivac x2  
  61  5:29  Terran Infantry Weapons Level 1  
  61  5:31  Marine  
  62  5:37  Supply Depot  
  62  5:40  Widow Mine x2, SCV x2  
  62  5:42  Marauder  
  70  5:58  Marine x3  
  69  6:08  Medivac  
  69  6:10  Medivac  
  73  6:16  SCV x2  
  74  6:19  Refinery  
  74  6:20  Refinery  
  74  6:28  SCV x2  
  74  6:30  Command Center, Widow Mine  
  74  6:31  Marine  
  78  6:33  Missile Turret  
  78  6:35  Marine  
  78  6:37  Marine  
  78  6:55  Supply Depot  
  78  6:58  Supply Depot  
  78  6:59  Marauder, Marine x2, Supply Depot, Widow Mine, SCV x2  
  86  7:14  Missile Turret  
  86  7:16  Widow Mine, Medivac x2, SCV x2  
  94  7:25  Concussive Shells  
  94  7:28  SCV x2  
  96  7:40  Widow Mine, SCV x2  
  96  7:41  Widow Mine  
  96  7:42  Marine x4  
  106  7:44  Terran Infantry Armor Level 1  
  106  7:54  SCV  
  106  7:55  SCV  
  108  7:58  Medivac  
  108  8:04  Medivac  
  108  8:05  Supply Depot  
  112  8:07  Supply Depot  
  112  8:13  Combat Shields  
  112  8:14  Marine x3  
  112  8:15  Marine, Marauder  
  112  8:19  Barracks  
  102  8:40  Medivac x2  
  104  8:41  Marine x4, Marauder  
  110  8:49  Widow Mine x2  
  110  8:50  SCV x2  
  110  8:53  Orbital Command  
  116  9:02  Armory, Barracks, Liberator x2  
  116  9:03  SCV x2  
  116  9:04  Engineering Bay  
  118  9:16  Widow Mine  
  122  9:17  Widow Mine  
  122  9:21  SCV x2  
  130  9:26  Refinery  
  130  9:29  Barracks Tech Lab  
  130  9:30  Refinery  
  130  9:32  Marine x2  
  130  9:33  Marine, Marauder  
  130  9:34  Marine  
  130  9:36  SCV x2  
  138  9:44  SCV  
  139  9:48  SCV x2  
  139  9:51  Terran Infantry Armor Level 2, Terran Infantry Weapons Level 2  
  141  9:54  Barracks Tech Lab  
  141  9:55  Marine x2, Marauder x2  
  147  10:10  Supply Depot x2  
  147  10:11  SCV x2  
  147  10:12  Supply Depot  
  149  10:14  Liberator  
  149  10:16  Missile Turret  
  149  10:32  Marauder, SCV x3  
  157  10:38  Marauder x2, Fusion Core  
  157  10:40  Starport  
  161  10:44  SCV x3  
  161  10:48  Marine x4  
  168  10:53  Marauder  
  168  10:55  Supply Depot  
  170  10:58  Supply Depot  
  170  11:02  Liberator x2  
  170  11:06  Marine, Marauder  
  173  11:13  Marine x3  
  173  11:14  Marauder  
  174  11:31  SCV x2  
  174  11:32  Starport Tech Lab, SCV  
  170  11:43  SCV  
  170  11:44  SCV x2  
  173  11:49  Marine x3, Marauder x3  
  173  11:50  Marine  
  182  11:55  SCV  
  178  12:07  Marine x4  
  144  12:10  Marauder  
  144  12:11  Marauder x2  
Tags
 
Add a new tag
Caveats
  • Supply blocks, unpowered buildings, or Contaminate may cause inaccurate times.
  • Supply counts are checked every 10 seconds.